 Dungeon Crawl Stone Soup version 0.30.1-11-g7821555f0a (webtiles) character file.

Game seed: 13283708757026647549

51 fireball365 the Trooper (level 3, 0/33 HPs)
             Began as a Hill Orc Fighter on Nov 11, 2023.
             Slain by a gnoll
             ... wielding a +0 spear
              (6 damage)
             ... on level 2 of the Dungeon.
             The game lasted 00:01:44 (1137 turns).

fireball365 the Trooper (Hill Orc Fighter)          Turns: 1137, Time: 00:01:46

Health: 0/33       AC:  7    Str: 20    XL:     3   Next: 81%
Magic:  3/3        EV:  8    Int:  8    God:
Gold:   78         SH:  8    Dex: 10    Spells: 2/2 levels left

rFire   . . .        a - +0 war axe
rCold   . . .        g - +0 kite shield
rNeg    . . .        b - +0 scale mail
rPois   .            (no helmet)
rElec   .            (no cloak)
rCorr   .            (no gloves)
SInv    .            (no boots)
Will    .....        (no amulet) Stlth
                     f - ring of flight
HPRegen 0.25/turn    (no ring)
MPRegen 0.08/turn

%: no passive effects
@: flying
A: no striking features
a: no special abilities


You were on level 2 of the Dungeon.
You visited 1 branch of the dungeon, and saw 2 of its levels.

You collected 78 gold pieces.

Inventory:

Hand Weapons
 a - a +0 war axe (weapon)
Armour
 b - a +0 scale mail (worn)
 g - a +0 kite shield (worn)
 j - a +0 pair of boots
Jewellery
 f - a ring of flight (left hand)
Scrolls
 c - a scroll of identify {unknown}
 e - a scroll of brand weapon {unknown}
 i - a scroll of noise {unknown}
 k - a scroll of magic mapping {unknown}
Potions
 d - a potion of might
 h - a potion of magic {unknown}


   Skills:
 + Level 4.1 Fighting
 + Level 3.8 Axes
 + Level 3.7 Armour
 + Level 0.2 Dodging
 + Level 3.6 Shields


You had 2 spell levels left.
You didn't know any spells.
Your spell library contained the following spells:

 Spells                   Type           Power      Damage    Failure   Level
 Scorch                   Fire           0%         2d5       99%         2
 Inner Flame              Hex/Fire       0%         N/A       100%        3
 Volatile Blastmotes      Fire/Tloc      0%         2d10      100%        3
 Fireball                 Conj/Fire      0%         3d3       100%        5
 Iskenderun's Battlesphe  Conj           0%         2d6       100%        5
 Conjure Ball Lightning   Conj/Air       0%         3x3d6     100%        6
 Plasma Beam              Fire/Air       0%         2x1d11    100%        6
 Orb of Destruction       Conj           0%         9d5       100%        7


Dungeon Overview and Level Annotations

Branches:
Dungeon (2/15)

Altars:


Message History

The gnoll shouts!
A goblin comes into view. It is wielding a +0 dagger.
A gnoll comes into view. It is wielding a +0 club.
The goblin shouts!
A gnoll comes into view. It is wielding a +0 whip.
You see here a scroll labelled ORIZAARCH UCATILL.
You slash the goblin!
You kill the goblin!
You block the gnoll's attack. You block the goblin's attack.
Things that are here:
a +0 dagger; a goblin corpse You slash the gnoll!
The gnoll is severely wounded.
You closely miss the goblin. The goblin closely misses you.
You block the gnoll's attack. The goblin hits you but does no damage.
The gnoll barely misses you. The goblin hits you with a +0 dagger.
You block the gnoll's attack.
The gnoll hits you but does no damage. x2
You barely miss the gnoll. You closely miss the gnoll. You hit the goblin.
You kill the goblin!
You hit the gnoll. You block the gnoll's attack.
The gnoll hits you with a +0 club. The gnoll barely misses you.
You barely miss the gnoll. You hit the gnoll.
You hit the gnoll but do no damage. The gnoll hits you with a +0 whip.
The gnoll hits you with a +0 club. The gnoll hits you with a +0 spear.
The gnoll hits you but does no damage. The gnoll hits you with a +0 spear.
The gnoll hits you with a +0 club!
You slash the gnoll!
The gnoll is heavily wounded.
You hit the gnoll. x2; The gnoll hits you with a +0 whip.
The gnoll hits you with a +0 club. The gnoll hits you with a +0 spear.
* * * LOW HITPOINT WARNING * * *
You closely miss the gnoll.
The gnoll is heavily wounded.
You closely miss the gnoll. You slash the gnoll!
The gnoll completely misses you. The gnoll hits you with a +0 club.
* * * LOW HITPOINT WARNING * * *
The gnoll hits you with a +0 spear.
You die...

....##.#...###..
....##...........###
..#..†...8.....8.#.
.###..#..........#.
####...#...>......
##................
...####..........# ####
........?g##
#.8.....8@)###
##.......g)g..#
##.........?##..#
##............##..#
#.............[# ...
#..>...........# #...
#..............###...#
#####...<.†............#
...................#####.


You could see 3 gnolls.

Vanquished Creatures
  2 worms (D:2)
  A dart slug (D:2)
  5 ball pythons (D:1)
  5 endoplasms
  2 giant cockroaches
  4 goblins
  2 hobgoblins
  4 jackals (D:1)
  3 kobolds (D:1)
  A quokka (D:1)
  6 bats
  A frilled lizard (D:1)
  2 rats (D:1)
38 creatures vanquished.

Notes
Turn   | Place    | Note
-------+----------+-------------------------------------------
     0 | D:1      | fireball365 the Hill Orc Fighter began the quest for the
                  | Orb.
     0 | D:1      | Reached XP level 1. HP: 19/19 MP: 1/1
    60 | D:1      | Reached XP level 2. HP: 22/27 MP: 2/2
   365 | D:1      | Reached XP level 3. HP: 32/33 MP: 3/3
   870 | D:2      | Reached skill level 4 in Fighting
  1124 | D:2      | Got Veloacwo's Precepts of the Pyre
  1137 | D:2      | Slain by a gnoll

Illustrated notes

Levels and vault maps discovered:
D:1:      dpeg_arrival_round_b, layout_loops_ring
D:2:      layout_rooms, st_stairs_1

Skill      XL: |  1  2  3 |
---------------+----------+-----
Axes           | 3 |  3.8
Fighting       | 4 |  4.1
Armour         | |  3.7
Dodging        | |  0.2
Shields        | |  3.6

Action                     || total
---------------------------++-------
  Melee: War axe           ||   106
 Armour: Scale mail        ||    55
  Dodge: Dodged            ||    64
  Block: Buckler           ||    27
         Kite shield       ||    16
